[ AOE2 MATCH · #472854160 ]
UnrankedGeorgians vs Lithuanians
[ REPLAY ANALYSIS · EXTRACTED FROM THE RECORDED GAME ]
Feudal
10:56
Castle
14:31
Imperial
30:33
| APM avg | 53.8 |
| APM peak | 102 |
| eAPM avg | 27.7 |
| Villagers / military | 195 / 245 |
Focus
⚔️ 38.4% · 🌾 61.6%
Monaspa ×200 · Spearman ×42 · Trebuchet (Packed) ×2 · Monk ×1
Feudal
10:37
Castle
15:44
Imperial
33:33
| APM avg | 48.5 |
| APM peak | 87 |
| eAPM avg | 21.7 |
| Villagers / military | 141 / 198 |
Focus
⚔️ 26.0% · 🌾 74.0%
Spearman ×105 · Scout Cavalry ×49 · Leitis ×21 · Trebuchet (Packed) ×12 · Knight ×6 · Mangonel ×4
Feudal
11:23
Castle
15:48
Imperial
30:46
| APM avg | 23.0 |
| APM peak | 43 |
| eAPM avg | 17.1 |
| Villagers / military | 149 / 311 |
Focus
⚔️ 30.0% · 🌾 70.0%
Knight ×310 · Trebuchet (Packed) ×1
Feudal
11:05
Castle
15:54
Imperial
33:09
| APM avg | 46.8 |
| APM peak | 114 |
| eAPM avg | 30.9 |
| Villagers / military | 207 / 583 |
Focus
⚔️ 27.6% · 🌾 72.4%
Skirmisher ×325 · Battle Elephant ×197 · Cavalry Archer ×55 · Bombard Cannon ×6
Feudal
10:06
Castle
15:13
Imperial
28:02
| APM avg | 31.1 |
| APM peak | 50 |
| eAPM avg | 19.4 |
| Villagers / military | 163 / 384 |
Focus
⚔️ 30.9% · 🌾 69.1%
Spearman ×288 · Skirmisher ×62 · Knight ×29 · Organ Gun ×3 · Trebuchet (Packed) ×2
Feudal
10:34
Castle
15:52
Imperial
30:34
| APM avg | 39.6 |
| APM peak | 69 |
| eAPM avg | 19.8 |
| Villagers / military | 90 / 192 |
Focus
⚔️ 24.7% · 🌾 75.3%
Cavalry Archer ×102 · Scout Cavalry ×74 · Trebuchet (Packed) ×11 · Petard ×2 · Mangonel ×2 · Monk ×1
Feudal
10:09
Castle
15:08
Imperial
30:04
| APM avg | 35.6 |
| APM peak | 68 |
| eAPM avg | 24.0 |
| Villagers / military | 122 / 179 |
Focus
⚔️ 37.2% · 🌾 62.8%
Skirmisher ×79 · Spearman ×50 · War Wagon ×26 · Fire Lancer ×19 · Trebuchet (Packed) ×5
Feudal
11:15
Castle
15:03
Imperial
32:48
| APM avg | 54.3 |
| APM peak | 110 |
| eAPM avg | 25.4 |
| Villagers / military | 138 / 147 |
Focus
⚔️ 27.6% · 🌾 72.4%
Archer ×60 · Chu Ko Nu ×32 · Fire Lancer ×28 · Battering Ram ×14 · Monk ×7 · Trebuchet (Packed) ×5
Match map
Initial resources + every placement click. Lines = walls · curves = elevation contours. ◆ gold · ⬟ stone · ● berries · ✦ relic · ◌ wall gap
Your base· ✓ Closed at 14:31 · 0t walls · 3 gate(s)
Pancho's base· ✓ Closed at 15:44 · 0t walls · 3 gate(s)
Lemerfew's base· ✓ Closed at 15:48 · 0t walls · 2 gate(s)
EarthquakE's base· ✓ Closed at 15:54 · 0t walls · 2 gate(s)
Lobiya's base· ✓ Closed at 15:13 · 0t walls · 2 gate(s)
Beck's base· ✓ Closed at 15:52 · 0t walls · 3 gate(s)
vyshi77's base· ✓ Closed at 15:08 · 0t walls · 2 gate(s)
Alexis's base· ✓ Closed at 15:03 · 0t walls · 2 gate(s)
Smoothed initial terrain · ◌ = detected wall gap · hover for details
Inputs per minute
— smen - - Pancho
Build order — smen
First 150 of 723 actions detected
| 0:00 | Create | Villager (Male) |
| 0:00 | Create | Villager (Male) |
| 0:01 | Create | Villager (Male) |
| 0:01 | Create | Villager (Male) |
| 0:03 | Build | House |
| 0:05 | Build | House |
| 1:25 | Create | Villager (Male) |
| 1:56 | Create | Villager (Male) |
| 1:57 | Create | Villager (Male) |
| 2:25 | Create | Villager (Male) |
| 2:36 | Build | House |
| 2:50 | Create | Villager (Male) |
| 2:54 | Create | Villager (Male) |
| 3:36 | Create | Villager (Male) |
| 3:36 | Create | Villager (Male) |
| 3:54 | Build | Mill |
| 4:00 | Create | Villager (Male) |
| 4:25 | Create | Villager (Male) |
| 5:00 | Create | Villager (Male) |
| 5:05 | Build | House |
| 5:15 | Create | Villager (Male) |
| 5:15 | Create | Villager (Male) |
| 5:32 | Create | Villager (Male) |
| 5:42 | Create | Villager (Male) |
| 6:18 | Create | Villager (Male) |
| 6:18 | Create | Villager (Male) |
| 6:40 | Create | Villager (Male) |
| 6:41 | Create | Villager (Male) |
| 6:41 | Create | Villager (Male) |
| 7:04 | Create | Villager (Male) |
| 7:05 | Create | Villager (Male) |
| 7:13 | Build | Mule Cart |
| 7:47 | Build | Farm |
| 7:50 | Build | Farm |
| 7:58 | Build | House |
| 8:36 | Research | Feudal Age |
| 8:36 | Research | Feudal Age |
| 8:48 | Build | Farm |
| 8:51 | Build | Mule Cart |
| 8:54 | Create | Villager (Male) |
| 8:55 | Create | Villager (Male) |
| 8:55 | Create | Villager (Male) |
| 10:22 | Create | Villager (Male) |
| 10:56 | Age | Feudal Age |
| 11:00 | Build | Blacksmith |
| 11:03 | Build | Market |
| 11:51 | Research | Castle Age |
| 11:51 | Research | Castle Age |
| 11:55 | Build | Barracks |
| 11:59 | Build | House |
| 12:27 | Research | Double-Bit Axe |
| 12:46 | Build | Mule Cart |
| 13:01 | Create | Villager (Male) |
| 13:01 | Create | Villager (Male) |
| 13:17 | Build | House |
| 13:18 | Build | House |
| 13:38 | Research | Horse Collar |
| 14:31 | Age | Castle Age |
| 14:31 | Research | Bow Saw |
| 14:44 | Build | Farm |
| 15:12 | Build | Town Center |
| 15:19 | Create | Villager (Male) |
| 15:19 | Create | Villager (Male) |
| 15:27 | Build | Farm |
| 15:43 | Create | Villager (Male) |
| 15:47 | Build | Farm |
| 15:51 | Build | Farm |
| 16:19 | Build | House |
| 16:29 | Create | Villager (Male) |
| 16:29 | Create | Villager (Male) |
| 16:34 | Build | Farm |
| 16:38 | Build | Farm |
| 16:48 | Create | Villager (Male) |
| 17:10 | Create | Villager (Male) |
| 17:14 | Build | Farm |
| 17:14 | Build | Farm |
| 17:15 | Build | Farm |
| 17:15 | Build | Farm |
| 17:15 | Build | Farm |
| 17:18 | Build | Farm |
| 17:20 | Build | Farm |
| 17:26 | Create | Villager (Male) |
| 17:31 | Create | Villager (Male) |
| 17:31 | Create | Villager (Male) |
| 17:32 | Create | Villager (Male) |
| 17:32 | Create | Villager (Male) |
| 17:32 | Create | Villager (Male) |
| 17:43 | Create | Villager (Male) |
| 17:46 | Create | Villager (Male) |
| 17:46 | Create | Villager (Male) |
| 17:49 | Create | Villager (Male) |
| 17:50 | Create | Villager (Male) |
| 17:50 | Create | Villager (Male) |
| 17:50 | Create | Villager (Male) |
| 18:16 | Build | Castle |
| 18:25 | Build | Monastery |
| 18:28 | Create | Villager (Male) |
| 18:28 | Create | Villager (Male) |
| 18:31 | Create | Villager (Male) |
| 18:32 | Create | Villager (Male) |
| 18:39 | Create | Villager (Male) |
| 18:43 | Build | Farm |
| 19:03 | Build | Monastery |
| 19:13 | Create | Monk |
| 19:17 | Create | Villager (Male) |
| 19:18 | Create | Villager (Male) |
| 19:18 | Create | Villager (Male) |
| 19:19 | Create | Villager (Male) |
| 19:27 | Create | Villager (Male) |
| 19:28 | Create | Villager (Male) |
| 19:33 | Build | House |
| 19:34 | Build | House |
| 19:34 | Build | House |
| 19:36 | Build | House |
| 19:43 | Build | Farm |
| 19:44 | Build | Farm |
| 19:45 | Build | Farm |
| 19:45 | Build | Farm |
| 19:45 | Build | Farm |
| 19:57 | Create | Villager (Male) |
| 19:57 | Create | Villager (Male) |
| 19:57 | Create | Villager (Male) |
| 20:06 | Build | Farm |
| 20:06 | Create | Villager (Male) |
| 20:06 | Create | Villager (Male) |
| 20:31 | Build | Farm |
| 20:34 | Build | Farm |
| 20:38 | Create | Monaspa |
| 20:53 | Research | Heavy Plow |
| 20:53 | Research | Heavy Plow |
| 20:56 | Build | Farm |
| 20:56 | Create | Villager (Male) |
| 20:56 | Create | Villager (Male) |
| 21:04 | Build | Monastery |
| 21:08 | Create | Villager (Male) |
| 21:14 | Build | Farm |
| 21:15 | Create | Villager (Male) |
| 22:00 | Build | House |
| 22:01 | Build | House |
| 22:03 | Build | House |
| 22:04 | Build | House |
| 22:05 | Build | House |
| 22:07 | Build | House |
| 22:07 | Create | Villager (Male) |
| 22:08 | Create | Villager (Male) |
| 22:08 | Create | Villager (Male) |
| 22:08 | Create | Villager (Male) |
| 22:08 | Create | Villager (Male) |
| 22:13 | Build | Town Center |
| 22:23 | Research | Wheelbarrow |
Build order — Pancho
First 150 of 452 actions detected
| 0:02 | Build | House |
| 0:03 | Build | House |
| 0:06 | Create | Villager (Male) |
| 0:07 | Create | Villager (Male) |
| 0:27 | Create | Villager (Male) |
| 0:27 | Create | Villager (Male) |
| 0:27 | Create | Villager (Male) |
| 0:27 | Create | Villager (Male) |
| 1:30 | Create | Villager (Male) |
| 2:06 | Create | Villager (Male) |
| 2:07 | Create | Villager (Male) |
| 2:18 | Build | Lumber Camp |
| 3:49 | Create | Villager (Male) |
| 3:54 | Build | House |
| 4:00 | Build | House |
| 4:01 | Build | House |
| 4:04 | Create | Villager (Male) |
| 4:04 | Create | Villager (Male) |
| 4:14 | Create | Villager (Male) |
| 4:34 | Create | Villager (Male) |
| 4:42 | Build | Mill |
| 4:49 | Create | Villager (Male) |
| 4:49 | Create | Villager (Male) |
| 5:09 | Create | Villager (Male) |
| 5:49 | Create | Villager (Male) |
| 5:56 | Create | Villager (Male) |
| 6:14 | Create | Villager (Male) |
| 6:49 | Create | Villager (Male) |
| 6:54 | Create | Villager (Male) |
| 7:26 | Create | Villager (Male) |
| 7:43 | Build | Lumber Camp |
| 8:14 | Build | Farm |
| 8:25 | Research | Feudal Age |
| 8:25 | Research | Feudal Age |
| 8:29 | Build | Mining Camp |
| 9:09 | Build | House |
| 9:09 | Build | House |
| 9:26 | Create | Villager (Male) |
| 9:28 | Create | Villager (Male) |
| 10:08 | Build | Barracks |
| 10:21 | Create | Villager (Male) |
| 10:37 | Age | Feudal Age |
| 10:49 | Build | Stable |
| 10:51 | Build | Blacksmith |
| 11:10 | Create | Spearman |
| 11:10 | Create | Spearman |
| 11:36 | Research | Loom |
| 13:04 | Research | Castle Age |
| 13:04 | Research | Castle Age |
| 13:28 | Research | Double-Bit Axe |
| 13:28 | Research | Double-Bit Axe |
| 13:54 | Research | Horse Collar |
| 14:06 | Build | Farm |
| 14:08 | Build | Farm |
| 14:30 | Create | Spearman |
| 14:30 | Create | Spearman |
| 14:48 | Build | House |
| 14:48 | Build | House |
| 15:44 | Age | Castle Age |
| 15:49 | Build | Monastery |
| 15:52 | Build | Siege Workshop |
| 15:55 | Create | Villager (Male) |
| 16:27 | Create | Villager (Male) |
| 16:28 | Create | Monk |
| 16:42 | Create | Mangonel |
| 16:50 | Build | Gate |
| 16:53 | Build | House |
| 17:08 | Create | Villager (Male) |
| 17:49 | Create | Mangonel |
| 17:51 | Create | Villager (Male) |
| 18:06 | Create | Villager (Male) |
| 18:08 | Build | Farm |
| 18:08 | Build | Farm |
| 18:08 | Build | Farm |
| 18:08 | Build | Farm |
| 18:19 | Build | Town Center |
| 18:20 | Create | Villager (Male) |
| 18:58 | Create | Villager (Male) |
| 18:58 | Create | Villager (Male) |
| 19:06 | Build | Mining Camp |
| 20:02 | Build | Town Center |
| 20:02 | Create | Villager (Male) |
| 20:03 | Create | Villager (Male) |
| 20:27 | Build | Farm |
| 20:27 | Build | Farm |
| 20:28 | Build | Farm |
| 20:28 | Build | Farm |
| 20:28 | Build | Farm |
| 20:28 | Build | Farm |
| 20:28 | Build | Farm |
| 20:40 | Build | Farm |
| 20:50 | Create | Villager (Male) |
| 20:59 | Create | Villager (Male) |
| 21:03 | Create | Villager (Male) |
| 21:03 | Create | Villager (Male) |
| 21:17 | Create | Scout Cavalry |
| 21:17 | Create | Scout Cavalry |
| 21:24 | Build | Farm |
| 21:24 | Build | Farm |
| 21:24 | Build | Farm |
| 21:25 | Build | Farm |
| 21:25 | Build | Farm |
| 21:25 | Build | Farm |
| 21:32 | Create | Villager (Male) |
| 21:33 | Create | Villager (Male) |
| 21:46 | Create | Villager (Male) |
| 21:46 | Create | Villager (Male) |
| 21:50 | Build | Farm |
| 21:50 | Build | Farm |
| 21:51 | Build | Farm |
| 21:51 | Build | Farm |
| 21:51 | Build | Farm |
| 22:03 | Create | Villager (Male) |
| 22:04 | Create | Villager (Male) |
| 22:18 | Create | Knight |
| 22:28 | Build | Farm |
| 22:29 | Build | Farm |
| 22:31 | Create | Villager (Male) |
| 22:32 | Create | Villager (Male) |
| 22:32 | Create | Villager (Male) |
| 22:40 | Create | Knight |
| 22:48 | Create | Villager (Male) |
| 23:39 | Create | Knight |
| 23:40 | Create | Knight |
| 23:40 | Research | Husbandry |
| 23:53 | Create | Villager (Male) |
| 23:57 | Create | Villager (Male) |
| 23:57 | Create | Villager (Male) |
| 24:02 | Build | Mill |
| 24:03 | Build | Farm |
| 24:03 | Build | Farm |
| 24:03 | Build | Farm |
| 24:03 | Build | Farm |
| 24:04 | Build | Farm |
| 24:16 | Research | Scale Barding Armor |
| 24:16 | Research | Scale Barding Armor |
| 24:40 | Create | Knight |
| 24:41 | Create | Knight |
| 24:51 | Create | Villager (Male) |
| 24:53 | Build | Farm |
| 24:53 | Build | Farm |
| 24:53 | Build | Farm |
| 24:53 | Build | Farm |
| 25:18 | Create | Villager (Male) |
| 25:51 | Build | House |
| 25:51 | Build | House |
| 25:51 | Build | House |
| 25:52 | Build | House |
| 25:52 | Build | House |
| 25:52 | Build | House |
Build order — Lemerfew
First 150 of 446 actions detected
| 0:02 | Create | Villager (Male) |
| 0:02 | Create | Villager (Male) |
| 0:02 | Create | Villager (Male) |
| 0:02 | Create | Villager (Male) |
| 0:04 | Build | House |
| 0:06 | Build | House |
| 1:25 | Create | Villager (Male) |
| 1:26 | Create | Villager (Male) |
| 1:52 | Build | Lumber Camp |
| 2:04 | Create | Villager (Male) |
| 2:04 | Create | Villager (Male) |
| 2:30 | Create | Villager (Male) |
| 2:47 | Create | Villager (Male) |
| 3:01 | Build | House |
| 3:02 | Build | House |
| 3:06 | Create | Villager (Male) |
| 3:40 | Create | Villager (Male) |
| 4:16 | Research | Loom |
| 4:28 | Create | Villager (Male) |
| 5:04 | Build | Mill |
| 5:28 | Create | Villager (Male) |
| 5:28 | Create | Villager (Male) |
| 5:48 | Create | Villager (Male) |
| 5:48 | Create | Villager (Male) |
| 5:49 | Create | Villager (Male) |
| 5:54 | Create | Villager (Male) |
| 6:07 | Create | Villager (Male) |
| 7:37 | Build | House |
| 7:40 | Create | Villager (Male) |
| 7:42 | Create | Villager (Male) |
| 8:27 | Create | Villager (Male) |
| 8:33 | Create | Villager (Male) |
| 8:51 | Build | Mining Camp |
| 9:13 | Research | Feudal Age |
| 11:23 | Age | Feudal Age |
| 11:31 | Build | Market |
| 11:32 | Build | Blacksmith |
| 11:36 | Create | Villager (Male) |
| 11:36 | Create | Villager (Male) |
| 11:36 | Create | Villager (Male) |
| 13:08 | Research | Castle Age |
| 13:30 | Research | Double-Bit Axe |
| 13:37 | Build | Farm |
| 13:40 | Build | Farm |
| 13:41 | Build | Farm |
| 13:41 | Build | Farm |
| 13:42 | Build | Farm |
| 13:45 | Build | Farm |
| 13:48 | Build | Farm |
| 14:12 | Research | Horse Collar |
| 14:27 | Build | Lumber Camp |
| 14:55 | Build | House |
| 14:57 | Build | House |
| 15:48 | Age | Castle Age |
| 15:51 | Build | Town Center |
| 15:58 | Create | Villager (Male) |
| 16:03 | Create | Villager (Male) |
| 16:03 | Create | Villager (Male) |
| 16:33 | Build | Town Center |
| 16:43 | Create | Villager (Male) |
| 16:44 | Create | Villager (Male) |
| 16:47 | Build | House |
| 16:48 | Build | House |
| 16:49 | Create | Villager (Male) |
| 16:49 | Create | Villager (Male) |
| 16:50 | Create | Villager (Male) |
| 17:01 | Research | Bow Saw |
| 17:03 | Create | Villager (Male) |
| 17:24 | Build | Farm |
| 17:27 | Build | Farm |
| 17:29 | Build | Farm |
| 17:34 | Build | Farm |
| 17:36 | Create | Villager (Male) |
| 17:47 | Create | Villager (Male) |
| 17:52 | Build | Farm |
| 17:58 | Build | Farm |
| 18:03 | Build | Farm |
| 18:08 | Build | Farm |
| 18:14 | Build | House |
| 18:15 | Build | House |
| 18:16 | Create | Villager (Male) |
| 18:18 | Create | Villager (Male) |
| 18:43 | Build | Farm |
| 18:44 | Build | Farm |
| 18:44 | Build | Farm |
| 18:45 | Build | Farm |
| 18:47 | Create | Villager (Male) |
| 18:48 | Create | Villager (Male) |
| 18:48 | Create | Villager (Male) |
| 18:57 | Build | House |
| 18:58 | Build | House |
| 19:02 | Build | House |
| 19:07 | Build | Farm |
| 19:12 | Build | Farm |
| 19:13 | Create | Villager (Male) |
| 19:14 | Create | Villager (Male) |
| 19:17 | Create | Villager (Male) |
| 19:19 | Create | Villager (Male) |
| 19:30 | Build | Farm |
| 19:30 | Build | Farm |
| 19:39 | Build | Farm |
| 19:40 | Create | Villager (Male) |
| 19:48 | Create | Villager (Male) |
| 19:52 | Build | Farm |
| 19:54 | Create | Villager (Male) |
| 20:00 | Create | Villager (Male) |
| 20:04 | Build | House |
| 20:05 | Build | House |
| 20:06 | Build | House |
| 20:09 | Create | Villager (Male) |
| 20:09 | Create | Villager (Male) |
| 20:14 | Create | Villager (Male) |
| 20:20 | Create | Villager (Male) |
| 20:45 | Create | Villager (Male) |
| 20:45 | Create | Villager (Male) |
| 20:45 | Create | Villager (Male) |
| 20:45 | Create | Villager (Male) |
| 20:47 | Create | Villager (Male) |
| 20:50 | Create | Villager (Male) |
| 21:00 | Build | House |
| 21:00 | Build | House |
| 21:07 | Build | Town Center |
| 21:10 | Create | Villager (Male) |
| 21:13 | Create | Villager (Male) |
| 21:14 | Create | Villager (Male) |
| 21:18 | Build | House |
| 21:19 | Create | Villager (Male) |
| 21:26 | Create | Villager (Male) |
| 21:41 | Build | Farm |
| 21:41 | Build | Farm |
| 21:42 | Build | Farm |
| 21:43 | Build | Farm |
| 21:43 | Build | Farm |
| 21:44 | Build | Farm |
| 21:45 | Build | Farm |
| 21:47 | Create | Villager (Male) |
| 21:47 | Create | Villager (Male) |
| 21:49 | Create | Villager (Male) |
| 21:59 | Create | Villager (Male) |
| 21:59 | Create | Villager (Male) |
| 21:59 | Create | Villager (Male) |
| 22:07 | Create | Villager (Male) |
| 22:20 | Create | Villager (Male) |
| 22:20 | Create | Villager (Male) |
| 22:25 | Create | Villager (Male) |
| 22:39 | Create | Villager (Male) |
| 22:40 | Create | Villager (Male) |
| 22:45 | Build | Farm |
| 22:45 | Build | Farm |
| 22:46 | Build | Farm |
Build order — EarthquakE
First 150 of 665 actions detected
| 0:01 | Create | Villager (Male) |
| 0:01 | Create | Villager (Male) |
| 0:02 | Create | Villager (Male) |
| 0:03 | Build | House |
| 0:04 | Build | House |
| 0:07 | Create | Villager (Male) |
| 0:08 | Create | Villager (Male) |
| 1:27 | Create | Villager (Male) |
| 1:28 | Create | Villager (Male) |
| 1:28 | Create | Villager (Male) |
| 2:12 | Create | Villager (Male) |
| 2:13 | Create | Villager (Male) |
| 2:16 | Build | Lumber Camp |
| 2:30 | Create | Villager (Male) |
| 2:30 | Create | Villager (Male) |
| 2:30 | Create | Villager (Male) |
| 3:02 | Create | Villager (Male) |
| 3:33 | Build | House |
| 3:34 | Build | House |
| 3:47 | Create | Villager (Male) |
| 3:47 | Create | Villager (Male) |
| 3:48 | Create | Villager (Male) |
| 4:09 | Create | Villager (Male) |
| 4:27 | Create | Villager (Male) |
| 4:27 | Create | Villager (Male) |
| 4:27 | Create | Villager (Male) |
| 4:54 | Build | Mining Camp |
| 5:07 | Create | Villager (Male) |
| 5:35 | Create | Villager (Male) |
| 5:35 | Create | Villager (Male) |
| 5:35 | Create | Villager (Male) |
| 5:36 | Create | Villager (Male) |
| 5:36 | Create | Villager (Male) |
| 5:36 | Create | Villager (Male) |
| 5:50 | Build | Mill |
| 6:24 | Create | Villager (Male) |
| 7:09 | Create | Villager (Male) |
| 7:09 | Create | Villager (Male) |
| 7:48 | Build | House |
| 7:52 | Build | House |
| 7:59 | Create | Villager (Male) |
| 8:15 | Create | Villager (Male) |
| 8:55 | Research | Feudal Age |
| 8:55 | Research | Feudal Age |
| 9:57 | Create | Villager (Male) |
| 9:57 | Create | Villager (Male) |
| 10:09 | Build | House |
| 10:40 | Build | Farm |
| 10:45 | Build | Farm |
| 10:47 | Build | Farm |
| 11:05 | Age | Feudal Age |
| 11:08 | Build | Blacksmith |
| 11:17 | Build | Market |
| 11:35 | Build | Farm |
| 11:37 | Research | Horse Collar |
| 11:39 | Build | Farm |
| 11:40 | Build | Farm |
| 11:45 | Build | Farm |
| 11:53 | Create | Villager (Male) |
| 11:59 | Build | House |
| 12:00 | Build | House |
| 12:03 | Build | House |
| 12:04 | Build | House |
| 12:18 | Create | Villager (Male) |
| 12:25 | Build | Farm |
| 12:36 | Build | Farm |
| 12:41 | Build | Farm |
| 12:47 | Create | Villager (Male) |
| 13:14 | Research | Castle Age |
| 13:14 | Research | Castle Age |
| 13:15 | Research | Castle Age |
| 13:15 | Research | Castle Age |
| 13:22 | Build | Lumber Camp |
| 13:37 | Research | Double-Bit Axe |
| 14:07 | Build | Farm |
| 14:14 | Build | Farm |
| 14:20 | Research | Gold Mining |
| 15:39 | Create | Villager (Male) |
| 15:39 | Create | Villager (Male) |
| 15:54 | Age | Castle Age |
| 15:56 | Build | Town Center |
| 16:00 | Build | Town Center |
| 16:21 | Create | Villager (Male) |
| 16:32 | Create | Villager (Male) |
| 16:36 | Research | Heavy Plow |
| 16:36 | Research | Heavy Plow |
| 16:38 | Build | Farm |
| 16:43 | Build | Farm |
| 16:48 | Build | Farm |
| 16:51 | Create | Villager (Male) |
| 16:51 | Create | Villager (Male) |
| 16:53 | Create | Villager (Male) |
| 16:53 | Create | Villager (Male) |
| 16:53 | Create | Villager (Male) |
| 17:03 | Create | Villager (Male) |
| 17:45 | Create | Villager (Male) |
| 17:45 | Create | Villager (Male) |
| 17:45 | Create | Villager (Male) |
| 17:48 | Build | House |
| 17:50 | Build | House |
| 17:53 | Build | House |
| 17:57 | Build | House |
| 17:58 | Build | Barracks |
| 18:02 | Build | House |
| 18:08 | Build | House |
| 18:12 | Build | House |
| 18:14 | Build | House |
| 18:19 | Build | House |
| 18:21 | Build | House |
| 18:22 | Build | House |
| 18:27 | Build | House |
| 18:28 | Build | House |
| 18:33 | Build | House |
| 18:38 | Build | Blacksmith |
| 18:42 | Create | Villager (Male) |
| 18:42 | Create | Villager (Male) |
| 18:45 | Create | Villager (Male) |
| 18:49 | Build | Farm |
| 18:53 | Build | Farm |
| 18:54 | Build | Farm |
| 18:55 | Create | Villager (Male) |
| 18:56 | Create | Villager (Male) |
| 18:56 | Create | Villager (Male) |
| 18:56 | Create | Villager (Male) |
| 18:56 | Create | Villager (Male) |
| 19:06 | Create | Villager (Male) |
| 19:06 | Create | Villager (Male) |
| 19:20 | Create | Villager (Male) |
| 19:20 | Create | Villager (Male) |
| 19:36 | Create | Villager (Male) |
| 19:37 | Create | Villager (Male) |
| 19:43 | Build | Town Center |
| 19:51 | Create | Villager (Male) |
| 19:51 | Create | Villager (Male) |
| 20:02 | Build | Farm |
| 20:03 | Build | Farm |
| 20:06 | Build | Farm |
| 20:08 | Create | Villager (Male) |
| 20:08 | Create | Villager (Male) |
| 20:16 | Create | Villager (Male) |
| 20:16 | Create | Villager (Male) |
| 20:16 | Create | Villager (Male) |
| 20:20 | Create | Villager (Male) |
| 20:20 | Create | Villager (Male) |
| 20:26 | Build | Farm |
| 20:32 | Build | Farm |
| 20:33 | Create | Villager (Male) |
| 20:33 | Create | Villager (Male) |
| 20:34 | Create | Villager (Male) |
| 20:48 | Create | Villager (Male) |
Build order — Lobiya
First 150 of 497 actions detected
| 0:00 | Create | Villager (Male) |
| 0:01 | Create | Villager (Male) |
| 0:01 | Create | Villager (Male) |
| 0:01 | Create | Villager (Male) |
| 0:03 | Build | House |
| 0:04 | Build | House |
| 1:24 | Create | Villager (Male) |
| 1:24 | Create | Villager (Male) |
| 1:46 | Build | Lumber Camp |
| 2:00 | Create | Villager (Male) |
| 2:00 | Create | Villager (Male) |
| 2:15 | Create | Villager (Male) |
| 2:15 | Create | Villager (Male) |
| 2:48 | Create | Villager (Male) |
| 2:48 | Create | Villager (Male) |
| 3:01 | Create | Villager (Male) |
| 3:01 | Create | Villager (Male) |
| 3:23 | Build | House |
| 3:32 | Create | Villager (Male) |
| 3:33 | Create | Villager (Male) |
| 3:53 | Create | Villager (Male) |
| 4:13 | Create | Villager (Male) |
| 4:13 | Create | Villager (Male) |
| 4:55 | Create | Villager (Male) |
| 4:55 | Create | Villager (Male) |
| 5:38 | Create | Villager (Male) |
| 5:42 | Build | Mill |
| 5:56 | Build | House |
| 6:11 | Create | Villager (Male) |
| 6:11 | Create | Villager (Male) |
| 6:12 | Create | Villager (Male) |
| 6:25 | Create | Villager (Male) |
| 6:39 | Build | House |
| 7:16 | Build | Farm |
| 7:17 | Build | Farm |
| 7:46 | Build | Mining Camp |
| 7:56 | Research | Feudal Age |
| 8:10 | Build | Farm |
| 8:19 | Build | Farm |
| 9:21 | Create | Villager (Male) |
| 9:22 | Create | Villager (Male) |
| 9:34 | Build | Farm |
| 9:54 | Build | Farm |
| 10:06 | Age | Feudal Age |
| 10:15 | Build | Blacksmith |
| 10:17 | Create | Villager (Male) |
| 10:30 | Build | Market |
| 10:53 | Build | Farm |
| 11:25 | Create | Villager (Male) |
| 11:45 | Create | Villager (Male) |
| 11:55 | Build | Farm |
| 11:58 | Build | Farm |
| 12:08 | Build | Farm |
| 12:33 | Research | Castle Age |
| 12:36 | Build | Farm |
| 13:00 | Research | Double-Bit Axe |
| 13:11 | Research | Horse Collar |
| 14:58 | Create | Villager (Male) |
| 14:58 | Create | Villager (Male) |
| 15:13 | Age | Castle Age |
| 15:24 | Build | Town Center |
| 15:24 | Create | Villager (Male) |
| 15:25 | Create | Villager (Male) |
| 15:28 | Build | Town Center |
| 15:35 | Research | Bow Saw |
| 15:35 | Create | Villager (Male) |
| 16:08 | Build | House |
| 16:28 | Build | House |
| 16:28 | Create | Villager (Male) |
| 16:29 | Create | Villager (Male) |
| 16:29 | Create | Villager (Male) |
| 16:33 | Create | Villager (Male) |
| 16:36 | Build | House |
| 16:36 | Build | House |
| 16:41 | Create | Villager (Male) |
| 16:43 | Create | Villager (Male) |
| 16:57 | Build | Farm |
| 17:03 | Create | Villager (Male) |
| 17:06 | Create | Villager (Male) |
| 17:06 | Create | Villager (Male) |
| 17:10 | Build | House |
| 17:11 | Build | House |
| 17:14 | Create | Villager (Male) |
| 17:20 | Create | Villager (Male) |
| 17:21 | Create | Villager (Male) |
| 17:26 | Build | Farm |
| 17:26 | Build | Farm |
| 17:26 | Build | Farm |
| 17:26 | Build | Farm |
| 17:32 | Create | Villager (Male) |
| 17:40 | Build | Mining Camp |
| 17:56 | Research | Heavy Plow |
| 18:02 | Create | Villager (Male) |
| 18:02 | Create | Villager (Male) |
| 18:03 | Create | Villager (Male) |
| 18:03 | Create | Villager (Male) |
| 18:08 | Build | Farm |
| 18:13 | Build | Farm |
| 18:21 | Create | Villager (Male) |
| 18:24 | Build | House |
| 18:26 | Build | House |
| 18:27 | Create | Villager (Male) |
| 18:27 | Create | Villager (Male) |
| 18:34 | Build | Farm |
| 18:37 | Build | Farm |
| 18:38 | Create | Villager (Male) |
| 18:38 | Create | Villager (Male) |
| 18:42 | Build | Farm |
| 19:01 | Create | Villager (Male) |
| 19:02 | Create | Villager (Male) |
| 19:04 | Build | Farm |
| 19:07 | Build | Farm |
| 19:15 | Build | Farm |
| 19:17 | Build | Farm |
| 19:26 | Build | Lumber Camp |
| 19:27 | Create | Villager (Male) |
| 19:28 | Create | Villager (Male) |
| 19:35 | Build | House |
| 19:36 | Build | House |
| 19:38 | Create | Villager (Male) |
| 19:38 | Create | Villager (Male) |
| 19:45 | Build | Farm |
| 19:47 | Build | Farm |
| 19:48 | Create | Villager (Male) |
| 19:48 | Create | Villager (Male) |
| 19:58 | Build | Farm |
| 19:59 | Build | Farm |
| 20:00 | Create | Villager (Male) |
| 20:04 | Create | Villager (Male) |
| 20:13 | Build | House |
| 20:16 | Build | House |
| 20:18 | Create | Villager (Male) |
| 20:18 | Create | Villager (Male) |
| 20:27 | Create | Villager (Male) |
| 20:27 | Create | Villager (Male) |
| 20:33 | Create | Villager (Male) |
| 20:33 | Create | Villager (Male) |
| 20:34 | Create | Villager (Male) |
| 20:34 | Create | Villager (Male) |
| 20:43 | Build | Farm |
| 20:44 | Build | Farm |
| 20:45 | Build | Farm |
| 20:48 | Build | Farm |
| 20:49 | Create | Villager (Male) |
| 20:49 | Create | Villager (Male) |
| 20:51 | Create | Villager (Male) |
| 20:52 | Create | Villager (Male) |
| 20:53 | Create | Villager (Male) |
| 20:53 | Create | Villager (Male) |
| 21:08 | Research | Wheelbarrow |
Build order — Beck
First 150 of 276 actions detected
| 0:03 | Build | House |
| 0:04 | Build | House |
| 0:05 | Create | Villager (Male) |
| 0:05 | Create | Villager (Male) |
| 0:05 | Create | Villager (Male) |
| 0:06 | Create | Villager (Male) |
| 0:06 | Create | Villager (Male) |
| 1:44 | Create | Villager (Male) |
| 1:45 | Create | Villager (Male) |
| 1:47 | Build | Lumber Camp |
| 2:07 | Create | Villager (Male) |
| 2:31 | Create | Villager (Male) |
| 2:31 | Create | Villager (Male) |
| 3:08 | Create | Villager (Male) |
| 3:08 | Create | Villager (Male) |
| 3:17 | Create | Villager (Male) |
| 3:34 | Build | House |
| 3:55 | Build | Mill |
| 4:09 | Create | Villager (Male) |
| 4:44 | Create | Villager (Male) |
| 4:44 | Create | Villager (Male) |
| 4:45 | Create | Villager (Male) |
| 4:45 | Create | Villager (Male) |
| 5:11 | Create | Villager (Male) |
| 5:12 | Create | Villager (Male) |
| 5:21 | Build | Lumber Camp |
| 6:05 | Build | House |
| 6:10 | Create | Villager (Male) |
| 6:41 | Create | Villager (Male) |
| 7:05 | Build | Mining Camp |
| 7:20 | Create | Villager (Male) |
| 7:50 | Create | Villager (Male) |
| 8:24 | Research | Feudal Age |
| 8:24 | Research | Feudal Age |
| 8:31 | Build | Farm |
| 8:33 | Build | Farm |
| 9:06 | Build | House |
| 9:14 | Build | House |
| 10:31 | Create | Villager (Male) |
| 10:31 | Create | Villager (Male) |
| 10:34 | Age | Feudal Age |
| 10:39 | Build | Market |
| 10:43 | Build | Blacksmith |
| 11:17 | Build | Farm |
| 11:28 | Create | Villager (Male) |
| 12:04 | Create | Villager (Male) |
| 12:45 | Research | Loom |
| 13:07 | Build | Barracks |
| 13:12 | Research | Castle Age |
| 14:12 | Build | Mining Camp |
| 14:24 | Research | Double-Bit Axe |
| 14:28 | Research | Horse Collar |
| 14:36 | Build | Farm |
| 15:17 | Build | Archery Range |
| 15:42 | Create | Villager (Male) |
| 15:52 | Age | Castle Age |
| 16:04 | Create | Villager (Male) |
| 16:14 | Create | Cavalry Archer |
| 16:17 | Create | Cavalry Archer |
| 16:20 | Create | Cavalry Archer |
| 16:21 | Create | Cavalry Archer |
| 16:31 | Create | Villager (Male) |
| 16:39 | Research | Bow Saw |
| 16:42 | Research | Gold Mining |
| 16:48 | Build | Farm |
| 17:08 | Create | Villager (Male) |
| 17:34 | Create | Villager (Male) |
| 17:39 | Build | House |
| 17:41 | Build | House |
| 17:48 | Build | Farm |
| 17:51 | Build | Farm |
| 18:16 | Build | Monastery |
| 18:19 | Create | Villager (Male) |
| 18:20 | Research | Wheelbarrow |
| 18:33 | Create | Cavalry Archer |
| 19:01 | Create | Monk |
| 19:05 | Create | Villager (Male) |
| 19:08 | Build | House |
| 19:09 | Build | House |
| 19:10 | Build | House |
| 19:48 | Create | Villager (Male) |
| 19:51 | Build | Town Center |
| 20:20 | Create | Villager (Male) |
| 20:35 | Build | Farm |
| 20:39 | Build | Farm |
| 20:42 | Build | Farm |
| 21:02 | Create | Villager (Male) |
| 21:37 | Create | Cavalry Archer |
| 21:38 | Create | Villager (Male) |
| 21:38 | Create | Villager (Male) |
| 21:39 | Create | Villager (Male) |
| 22:01 | Build | Castle |
| 22:04 | Build | Mining Camp |
| 22:12 | Create | Villager (Male) |
| 22:13 | Research | Hand Cart |
| 22:23 | Research | Fletching |
| 22:34 | Build | Farm |
| 22:34 | Build | Farm |
| 22:34 | Build | Farm |
| 22:35 | Build | Farm |
| 22:35 | Build | Farm |
| 22:35 | Build | Farm |
| 22:38 | Build | Farm |
| 22:42 | Create | Villager (Male) |
| 23:14 | Build | Farm |
| 23:15 | Create | Villager (Male) |
| 23:16 | Create | Villager (Male) |
| 23:21 | Create | Villager (Male) |
| 23:43 | Create | Cavalry Archer |
| 23:51 | Create | Villager (Male) |
| 23:55 | Build | Farm |
| 23:59 | Build | Farm |
| 24:43 | Create | Petard |
| 24:43 | Create | Petard |
| 24:48 | Create | Cavalry Archer |
| 24:49 | Create | Cavalry Archer |
| 24:52 | Build | Archery Range |
| 24:56 | Create | Villager (Male) |
| 24:56 | Create | Villager (Male) |
| 25:05 | Build | Farm |
| 25:05 | Build | Farm |
| 25:10 | Build | Mining Camp |
| 25:12 | Create | Villager (Male) |
| 25:15 | Create | Villager (Male) |
| 25:26 | Create | Cavalry Archer |
| 25:27 | Research | Bodkin Arrow |
| 25:40 | Create | Cavalry Archer |
| 26:04 | Create | Villager (Male) |
| 26:05 | Create | Villager (Male) |
| 26:16 | Create | Villager (Male) |
| 26:21 | Build | University |
| 26:59 | Create | Villager (Male) |
| 27:01 | Create | Villager (Male) |
| 27:18 | Research | Imperial Age |
| 27:31 | Build | Siege Workshop |
| 27:42 | Create | Villager (Male) |
| 27:42 | Create | Villager (Male) |
| 27:45 | Research | Padded Archer Armor |
| 27:47 | Research | Ballistics |
| 28:02 | Build | Farm |
| 28:02 | Build | Farm |
| 28:04 | Create | Villager (Male) |
| 28:13 | Create | Cavalry Archer |
| 28:33 | Build | House |
| 28:34 | Build | House |
| 28:35 | Build | House |
| 28:54 | Build | Stable |
| 28:55 | Build | Stable |
| 29:01 | Build | Stable |
| 29:10 | Build | Stable |
Build order — vyshi77
First 150 of 499 actions detected
| 0:00 | Create | Villager (Male) |
| 0:03 | Build | House |
| 0:04 | Build | House |
| 0:09 | Create | Villager (Male) |
| 0:09 | Create | Villager (Male) |
| 0:14 | Create | Villager (Male) |
| 0:14 | Create | Villager (Male) |
| 1:31 | Create | Villager (Male) |
| 1:32 | Create | Villager (Male) |
| 1:56 | Create | Villager (Male) |
| 1:56 | Create | Villager (Male) |
| 2:38 | Create | Villager (Male) |
| 2:39 | Create | Villager (Male) |
| 2:39 | Create | Villager (Male) |
| 2:51 | Build | Lumber Camp |
| 3:43 | Create | Villager (Male) |
| 3:44 | Create | Villager (Male) |
| 3:48 | Build | House |
| 3:49 | Build | House |
| 3:58 | Create | Villager (Male) |
| 3:58 | Create | Villager (Male) |
| 4:29 | Create | Villager (Male) |
| 4:29 | Create | Villager (Male) |
| 4:43 | Create | Villager (Male) |
| 5:00 | Create | Villager (Male) |
| 5:00 | Create | Villager (Male) |
| 5:45 | Build | Mill |
| 5:47 | Create | Villager (Male) |
| 5:55 | Create | Villager (Male) |
| 5:55 | Create | Villager (Male) |
| 6:53 | Create | Villager (Male) |
| 7:10 | Create | Villager (Male) |
| 7:59 | Research | Feudal Age |
| 7:59 | Research | Feudal Age |
| 8:13 | Build | Mining Camp |
| 8:18 | Build | Mining Camp |
| 8:31 | Create | Villager (Male) |
| 9:28 | Create | Villager (Male) |
| 9:28 | Create | Villager (Male) |
| 9:29 | Create | Villager (Male) |
| 10:03 | Build | House |
| 10:09 | Age | Feudal Age |
| 10:14 | Build | Blacksmith |
| 10:30 | Build | Market |
| 11:03 | Build | Farm |
| 11:27 | Build | Farm |
| 11:45 | Create | Villager (Male) |
| 11:54 | Build | Farm |
| 12:28 | Research | Castle Age |
| 12:29 | Research | Castle Age |
| 12:38 | Build | Mining Camp |
| 12:51 | Build | Farm |
| 13:01 | Build | Farm |
| 13:19 | Build | Farm |
| 13:33 | Build | Farm |
| 13:44 | Create | Villager (Male) |
| 13:51 | Build | Farm |
| 15:00 | Create | Villager (Male) |
| 15:08 | Age | Castle Age |
| 15:12 | Build | Town Center |
| 15:39 | Research | Wheelbarrow |
| 15:44 | Create | Villager (Male) |
| 15:52 | Create | Villager (Male) |
| 15:59 | Build | House |
| 16:02 | Build | House |
| 16:29 | Create | Villager (Male) |
| 16:29 | Create | Villager (Male) |
| 16:30 | Create | Villager (Male) |
| 16:32 | Build | Farm |
| 16:34 | Build | Farm |
| 16:37 | Build | Farm |
| 16:45 | Build | House |
| 16:50 | Create | Villager (Male) |
| 17:12 | Create | Villager (Male) |
| 17:13 | Create | Villager (Male) |
| 17:15 | Build | House |
| 17:42 | Create | Villager (Male) |
| 17:44 | Build | House |
| 18:00 | Build | Castle |
| 18:07 | Build | House |
| 18:30 | Create | Villager (Male) |
| 18:30 | Create | Villager (Male) |
| 18:43 | Research | Loom |
| 18:50 | Build | Town Center |
| 18:58 | Create | Villager (Male) |
| 18:58 | Create | Villager (Male) |
| 19:03 | Build | House |
| 19:23 | Create | Villager (Male) |
| 19:23 | Create | Villager (Male) |
| 19:27 | Create | Villager (Male) |
| 19:28 | Create | Villager (Male) |
| 19:38 | Build | House |
| 19:39 | Build | House |
| 19:48 | Build | Farm |
| 19:50 | Build | Farm |
| 19:53 | Build | Farm |
| 19:59 | Build | Farm |
| 20:01 | Build | Farm |
| 20:03 | Build | Farm |
| 20:07 | Create | Villager (Male) |
| 20:12 | Create | Villager (Male) |
| 20:12 | Create | Villager (Male) |
| 20:18 | Build | Farm |
| 20:22 | Build | Farm |
| 20:22 | Build | Farm |
| 20:22 | Build | Farm |
| 20:22 | Build | Farm |
| 20:27 | Create | Villager (Male) |
| 20:40 | Build | House |
| 20:42 | Build | House |
| 20:45 | Create | Villager (Male) |
| 20:46 | Create | Villager (Male) |
| 20:46 | Create | Villager (Male) |
| 20:46 | Create | Villager (Male) |
| 20:56 | Create | Villager (Male) |
| 20:57 | Create | Villager (Male) |
| 21:08 | Build | Town Center |
| 21:12 | Create | Villager (Male) |
| 21:12 | Create | Villager (Male) |
| 21:16 | Build | Farm |
| 21:29 | Build | House |
| 21:30 | Build | House |
| 21:37 | Build | Farm |
| 21:44 | Create | Villager (Male) |
| 21:44 | Create | Villager (Male) |
| 22:06 | Create | Villager (Male) |
| 22:07 | Create | Villager (Male) |
| 22:21 | Create | Villager (Male) |
| 22:21 | Create | Villager (Male) |
| 22:27 | Build | University |
| 22:31 | Create | Villager (Male) |
| 22:32 | Create | Villager (Male) |
| 22:40 | Build | Farm |
| 22:59 | Research | Horse Collar |
| 23:02 | Research | Double-Bit Axe |
| 23:07 | Build | Farm |
| 23:11 | Build | House |
| 23:23 | Research | Bow Saw |
| 23:35 | Build | House |
| 23:47 | Research | Hand Cart |
| 23:49 | Create | Villager (Male) |
| 23:49 | Create | Villager (Male) |
| 23:53 | Create | Villager (Male) |
| 23:53 | Create | Villager (Male) |
| 23:56 | Build | Farm |
| 24:08 | Build | Farm |
| 24:09 | Build | Farm |
| 24:10 | Build | Farm |
| 24:11 | Build | Farm |
| 24:12 | Build | Farm |
Build order — Alexis
First 150 of 435 actions detected
| 0:03 | Build | House |
| 0:52 | Create | Villager (Male) |
| 0:53 | Create | Villager (Male) |
| 1:19 | Create | Villager (Male) |
| 1:20 | Create | Villager (Male) |
| 1:43 | Create | Villager (Male) |
| 1:44 | Create | Villager (Male) |
| 1:58 | Build | Lumber Camp |
| 2:13 | Create | Villager (Male) |
| 2:13 | Create | Villager (Male) |
| 2:27 | Create | Villager (Male) |
| 2:28 | Create | Villager (Male) |
| 2:57 | Create | Villager (Male) |
| 2:57 | Create | Villager (Male) |
| 3:24 | Create | Villager (Male) |
| 3:24 | Create | Villager (Male) |
| 3:58 | Build | House |
| 4:00 | Build | House |
| 4:04 | Create | Villager (Male) |
| 4:05 | Create | Villager (Male) |
| 4:05 | Create | Villager (Male) |
| 4:05 | Create | Villager (Male) |
| 4:23 | Create | Villager (Male) |
| 4:23 | Create | Villager (Male) |
| 4:56 | Create | Villager (Male) |
| 4:57 | Create | Villager (Male) |
| 5:13 | Build | Mill |
| 5:36 | Create | Villager (Male) |
| 5:36 | Create | Villager (Male) |
| 5:53 | Create | Villager (Male) |
| 5:53 | Create | Villager (Male) |
| 6:12 | Create | Villager (Male) |
| 6:12 | Create | Villager (Male) |
| 6:12 | Create | Villager (Male) |
| 6:37 | Create | Villager (Male) |
| 6:38 | Create | Villager (Male) |
| 7:28 | Create | Villager (Male) |
| 7:28 | Create | Villager (Male) |
| 7:45 | Build | Farm |
| 7:47 | Build | Farm |
| 8:31 | Build | Mining Camp |
| 8:37 | Create | Villager (Male) |
| 8:39 | Research | Feudal Age |
| 9:49 | Build | Barracks |
| 11:12 | Build | Farm |
| 11:15 | Age | Feudal Age |
| 11:20 | Build | Archery Range |
| 11:29 | Build | Blacksmith |
| 11:33 | Create | Villager (Male) |
| 11:34 | Create | Villager (Male) |
| 11:41 | Build | Farm |
| 12:18 | Research | Castle Age |
| 12:18 | Research | Castle Age |
| 12:31 | Build | Farm |
| 12:37 | Create | Archer |
| 12:48 | Research | Double-Bit Axe |
| 12:48 | Research | Double-Bit Axe |
| 13:06 | Create | Archer |
| 13:28 | Build | Archery Range |
| 13:37 | Research | Fletching |
| 13:37 | Create | Villager (Male) |
| 13:43 | Build | House |
| 13:50 | Create | Archer |
| 14:14 | Create | Archer |
| 14:26 | Create | Archer |
| 15:03 | Age | Castle Age |
| 15:07 | Build | Siege Workshop |
| 15:10 | Research | Crossbowman (upgrade) |
| 15:10 | Create | Villager (Male) |
| 15:12 | Create | Archer |
| 15:20 | Build | House |
| 15:21 | Build | House |
| 15:25 | Create | Archer |
| 15:36 | Create | Villager (Male) |
| 15:44 | Create | Villager (Male) |
| 15:44 | Create | Villager (Male) |
| 15:55 | Create | Unit 1105 |
| 16:00 | Create | Villager (Male) |
| 16:10 | Build | House |
| 16:13 | Create | Archer |
| 16:27 | Create | Villager (Male) |
| 16:27 | Create | Villager (Male) |
| 16:47 | Create | Archer |
| 16:51 | Create | Archer |
| 16:59 | Build | House |
| 17:28 | Create | Villager (Male) |
| 17:28 | Create | Villager (Male) |
| 17:31 | Build | House |
| 18:13 | Create | Villager (Male) |
| 18:13 | Create | Villager (Male) |
| 18:25 | Create | Villager (Male) |
| 18:56 | Create | Villager (Male) |
| 18:56 | Create | Villager (Male) |
| 19:00 | Build | Farm |
| 19:02 | Build | Farm |
| 19:05 | Build | Monastery |
| 19:06 | Create | Archer |
| 19:07 | Create | Archer |
| 19:18 | Build | House |
| 19:29 | Build | Lumber Camp |
| 19:43 | Create | Monk |
| 19:52 | Build | Mining Camp |
| 20:05 | Build | Farm |
| 20:09 | Build | Town Center |
| 20:13 | Create | Archer |
| 20:13 | Create | Archer |
| 20:19 | Create | Villager (Male) |
| 20:19 | Create | Villager (Male) |
| 20:22 | Build | House |
| 20:44 | Create | Monk |
| 21:06 | Create | Archer |
| 21:06 | Create | Archer |
| 21:07 | Create | Archer |
| 21:07 | Create | Archer |
| 21:09 | Create | Villager (Male) |
| 21:14 | Research | Bow Saw |
| 21:31 | Build | House |
| 21:31 | Create | Villager (Male) |
| 21:32 | Create | Villager (Male) |
| 21:58 | Create | Villager (Male) |
| 21:58 | Create | Villager (Male) |
| 22:13 | Build | House |
| 22:25 | Create | Villager (Male) |
| 22:26 | Create | Villager (Male) |
| 23:02 | Build | Outpost |
| 23:06 | Create | Villager (Male) |
| 23:06 | Create | Villager (Male) |
| 23:15 | Build | Town Center |
| 23:46 | Build | Outpost |
| 23:47 | Create | Villager (Male) |
| 23:47 | Create | Villager (Male) |
| 23:48 | Create | Archer |
| 23:49 | Create | Archer |
| 23:51 | Build | House |
| 23:54 | Create | Archer |
| 23:54 | Create | Archer |
| 23:54 | Create | Archer |
| 24:11 | Create | Villager (Male) |
| 24:11 | Create | Villager (Male) |
| 24:12 | Create | Villager (Male) |
| 24:20 | Build | Farm |
| 24:40 | Build | House |
| 24:41 | Create | Villager (Male) |
| 24:43 | Create | Villager (Male) |
| 24:43 | Create | Villager (Male) |
| 24:49 | Build | Palisade Wall |
| 24:51 | Build | Palisade Wall |
| 24:52 | Build | Palisade Wall |
| 24:53 | Build | Palisade Wall |
| 24:54 | Build | Palisade Wall |
Match timeline
| 9:49 | Alexis · first_building Barracks |
| 10:06 | Lobiya · age_up feudal |
| 10:08 | Pancho · first_building Barracks |
| 10:09 | vyshi77 · age_up feudal |
| 10:34 | Beck · age_up feudal |
| 10:37 | Pancho · age_up feudal |
| 10:49 | Pancho · first_building Stable |
| 10:56 | smen · age_up feudal |
| 11:05 | EarthquakE · age_up feudal |
| 11:15 | Alexis · age_up feudal |
| 11:20 | Alexis · first_building Archery Range |
| 11:23 | Lemerfew · age_up feudal |
| 11:55 | smen · first_building Barracks |
| 13:07 | Beck · first_building Barracks |
| 14:31 | smen · age_up castle |
| 15:03 | Alexis · age_up castle |
| 15:07 | Alexis · first_building Siege Workshop |
| 15:08 | vyshi77 · age_up castle |
| 15:13 | Lobiya · age_up castle |
| 15:17 | Beck · first_building Archery Range |
| 15:44 | Pancho · age_up castle |
| 15:48 | Lemerfew · age_up castle |
| 15:49 | Pancho · first_building Monastery |
| 15:52 | Beck · age_up castle |
| 15:52 | Pancho · first_building Siege Workshop |
| 15:54 | EarthquakE · age_up castle |
| 17:30 | smen · first_market_buy 100 food |
| 17:58 | EarthquakE · first_building Barracks |
| 18:00 | vyshi77 · first_building Castle |
| 18:16 | Beck · first_building Monastery |
| 18:16 | smen · first_building Castle |
| 18:25 | smen · first_building Monastery |
| 19:05 | Alexis · first_building Monastery |
| 22:01 | Beck · first_building Castle |
| 22:28 | Lobiya · first_building Monastery |
| 23:43 | EarthquakE · first_building Archery Range |
| 23:45 | smen · first_building Siege Workshop |
| 23:49 | Lobiya · first_building Siege Workshop |
| 24:34 | Lemerfew · first_building Barracks |
| 24:44 | Lemerfew · first_building Siege Workshop |
| 24:46 | vyshi77 · first_building Barracks |
| 24:49 | Alexis · wall_segment Palisade Wall x1 |
| 24:51 | Alexis · wall_segment Palisade Wall x1 |
| 24:52 | Alexis · wall_segment Palisade Wall x1 |
| 24:53 | Alexis · wall_segment Palisade Wall x1 |
| 24:54 | Alexis · wall_segment Palisade Wall x1 |
| 24:54 | Alexis · wall_segment Palisade Wall x1 |
| 24:55 | Alexis · wall_segment Palisade Wall x1 |
| 24:56 | Alexis · wall_segment Palisade Wall x1 |
| 25:23 | Lobiya · first_building Barracks |
| 25:56 | EarthquakE · first_building Siege Workshop |
| 26:07 | vyshi77 · wall_segment Stone Wall x1 |
| 26:20 | Lobiya · first_building Archery Range |
| 26:26 | vyshi77 · wall_segment Palisade Wall x1 |
| 26:32 | Lemerfew · first_building Stable |
| 26:49 | vyshi77 · first_market_buy 100 food |
| 26:50 | vyshi77 · first_market_sell 100 stone |
| 26:57 | Lemerfew · first_market_sell 100 stone |
| 27:02 | vyshi77 · first_building Archery Range |
| 27:31 | Beck · first_building Siege Workshop |
| 28:02 | Lobiya · age_up imperial |
| 28:09 | smen · first_building Stable |
| 28:20 | EarthquakE · first_building Castle |
| 28:54 | Beck · first_building Stable |
| 29:36 | Alexis · first_market_buy 100 food |
| 29:53 | Lobiya · first_market_sell 500 food |
| 30:04 | vyshi77 · age_up imperial |
| 30:33 | smen · age_up imperial |
| 30:34 | Beck · age_up imperial |
| 30:43 | Lobiya · first_building Castle |
| 30:46 | Lemerfew · age_up imperial |
| 32:30 | EarthquakE · first_building Stable |
| 32:47 | Pancho · first_building Castle |
| 32:48 | Alexis · age_up imperial |
| 32:49 | Beck · first_market_sell 100 wood |
| 33:09 | EarthquakE · age_up imperial |
| 33:33 | Pancho · age_up imperial |
| 33:49 | Alexis · first_building Castle |
| 34:00 | EarthquakE · wall_segment Palisade Wall x1 |
| 34:01 | EarthquakE · wall_segment Palisade Wall x1 |
| 34:08 | EarthquakE · wall_segment Palisade Wall x1 |
| 34:52 | Pancho · first_market_buy 100 wood |
| 35:28 | EarthquakE · tribute_sent a jugador 1 |
| 35:28 | EarthquakE · tribute_sent a jugador 2 |
| 35:28 | EarthquakE · tribute_sent a jugador 4 |
| 35:28 | EarthquakE · tribute_sent a jugador 5 |
| 35:28 | EarthquakE · tribute_sent a jugador 6 |
| 35:28 | EarthquakE · tribute_sent a jugador 7 |
| 35:28 | EarthquakE · tribute_sent a jugador 8 |
| 35:38 | Lemerfew · first_building Castle |
| 36:32 | Pancho · tribute_sent a jugador 2 |
| 36:32 | Pancho · tribute_sent a jugador 3 |
| 36:32 | Pancho · tribute_sent a jugador 4 |
| 36:32 | Pancho · tribute_sent a jugador 5 |
| 36:32 | Pancho · tribute_sent a jugador 6 |
| 36:32 | Pancho · tribute_sent a jugador 7 |
| 36:32 | Pancho · tribute_sent a jugador 8 |
| 37:15 | Beck · first_market_buy 100 food |
| 37:22 | vyshi77 · wall_segment Stone Wall x1 |
| 37:23 | vyshi77 · wall_segment Stone Wall x1 |
| 39:21 | Pancho · first_market_sell 100 food |
| 43:06 | EarthquakE · tribute_sent a jugador 1 |
| 43:06 | EarthquakE · tribute_sent a jugador 2 |
| 43:06 | EarthquakE · tribute_sent a jugador 4 |
| 43:06 | EarthquakE · tribute_sent a jugador 5 |
| 43:06 | EarthquakE · tribute_sent a jugador 6 |
| 43:06 | EarthquakE · tribute_sent a jugador 7 |
| 43:06 | EarthquakE · tribute_sent a jugador 8 |
| 43:16 | Lobiya · tribute_sent a jugador 1 |
| 43:16 | Lobiya · tribute_sent a jugador 2 |
| 43:16 | Lobiya · tribute_sent a jugador 3 |
| 43:16 | Lobiya · tribute_sent a jugador 4 |
| 43:16 | Lobiya · tribute_sent a jugador 6 |
| 43:16 | Lobiya · tribute_sent a jugador 7 |
| 43:16 | Lobiya · tribute_sent a jugador 8 |
| 44:02 | Pancho · wall_segment Stone Wall x1 |
| 45:14 | Lobiya · first_building Stable |
| 48:53 | EarthquakE · resign |
[ AI ANALYSIS · 1 CREDIT ]
What really happened in this match?
Wolo.gg analyzes every decision: build order, eco, micro, common mistakes by bracket. Personalized analysis on WhatsApp or Discord in 30 seconds.
Civ guide
Georgians
Perfil
Jugador #282570